[Event "Early-Titled-Tuesday-Blitz-January-23-2024"]
[Site "Chess.com"]
[Date "2024.01.23"]
[Round "10"]
[White "Yeritsyaan"]
[Black "yobdc"]
[Result "1-0"]
[WhiteElo "2649"]
[BlackElo "2527"]
[TimeControl "180+1"]
[EndTime "9:57:31 PST"]
[Termination "Yeritsyaan won on time"]

1. c4 e6 2. g3 d5 3. Bg2 dxc4 4. Qa4+ c6 5. Qxc4 b5 6. Qc2 Bb7 7. Nf3 Nd7 8. O-O c5 9. a4 a6 10. Nc3 b4 11. Ne4 Rc8 12. d3 Ngf6 13. Nxf6+ Nxf6 14. Bg5 Be7 15. a5 h6 16. Bf4 O-O 17. Nd2 Bxg2 18.
Kxg2 Qd5+ 19. f3 Qb7 20. Nc4 Nd5 21. Bd2 Rfd8 22. Rad1 Nc7 23. Nb6 Rb8 24. Be3 Nd5 25.
Nxd5 exd5 26. Bxc5 Rbc8 27. d4 Qb5 28. Qd3 Qxd3 29.
Rxd3 Bxc5 30. dxc5 Rxc5 31. Ra1 Rc2 32. Kf2 Rxb2 33. Rad1 Ra2 34. Rxd5 Rxd5 35. Rxd5 b3 36. Rd8+ Kh7 37. Rb8 b2 38. g4 h5 39. g5 h4 40.
f4 Kg6 41. Kf3 f6 42. gxf6 gxf6 43. e4 Ra3+ 44. Kg4 Rxa5 45. f5+ Kh6 46. Rxb2 Ra4 47. Re2 h3 48. Re3 Kg7 49. Kxh3 a5 50. Kg4 Rd4 51. Kf4 a4 52. h4 Rb4 53. Rg3+ Kh7 54. Rc3 Rb3 55. Rc6 Kg7 56. Rc7+ Kg8 57. Ra7 a3 58. h5 Rh3 59. Kg4 Re3 60. Ra4 a2 61. Kf4 Re2 62. Ra7 1-0

[Event "Early-Titled-Tuesday-Blitz-January-23-2024"]
[Site "Chess.com"]
[Date "2024.01.23"]
[Round "10"]
[White "Sadykov_Ramil"]
[Black "Savagelittlemole"]
[Result "1-0"]
[WhiteElo "2608"]
[BlackElo "2460"]
[TimeControl "180+1"]
[EndTime "9:57:32 PST"]
[Termination "Sadykov_Ramil won by resignation"]

1. Nf3 g6 2. c4 Bg7 3. e4 e5 4.
d4 Nc6 5. Be3 d6 6. d5 Nce7 7.
Nfd2 f5 8. f3 Nf6 9. Nc3 O-O 10. Bd3 c6 11. h3 Nh5 12. g4 fxe4 13.
Ndxe4 Nf4 14. Bxf4 Rxf4 15. dxc6 Nxc6 16. Be2 Nd4 17. Nd5 Rf8 18. O-O Qh4 19. Kg2 h5 20. Qe1 Qxe1 21. Raxe1 Be6 22. Nc7 Nxe2 23. Nxe6 Nf4+ 24.
Nxf4 Rxf4 25. Nxd6 Bf8 26. Ne4 Rc8 27. b3 Bc5 28. Rd1 Bd4 29. Ng5 Rc6 30. Rfe1 Ra6 31.
Re2 hxg4 32. fxg4 Raf6 33. Rd3 Rf2+ 34. Rxf2 Rxf2+ 35. Kg3 Rxa2 36. Ne6 Rb2 37. Nxd4 exd4 38. h4 Kf7 39. Kf4 Rh2 40. Rxd4 Ke6 41. Kg5 Rh3 42. b4 Rb3 43. b5 a6 44. Re4+ Kf7 45. Rf4+ Kg7 46.
bxa6 bxa6 47. Rf6 Rb4 48. Rxg6+ Kf7 49. Rxa6 Rxc4 50. h5 Rd4 51. h6 Kg8 52. Kh5 Rd1 53. g5 Kh7 54. Ra7+ Kg8 55. Ra8+ Kf7 56. g6+ Kf6 57.
Rf8+ Ke7 58. Rf7+ Ke8 59. h7 Rh1+ 60. Kg5 Rg1+ 61. Kf6 Rf1+ 62. Kg7 Rh1 63. h8=Q+ 1-0

[Event "Early-Titled-Tuesday-Blitz-January-23-2024"]
[Site "Chess.com"]
[Date "2024.01.23"]
[Round "10"]
[White "MITerryble"]
[Black "kleinebeer98"]
[Result "1-0"]
[WhiteElo "3012"]
[BlackElo "2879"]
[TimeControl "180+1"]
[EndTime "9:57:35 PST"]
[Termination "MITerryble won on time"]

1. d4 Nf6 2. Bg5 d5 3. e3 c5 4. c3 Nc6 5. Nf3 h6 6. Bf4 cxd4 7. exd4 Bf5 8. Qb3 Qc8 9. Ne5 g5 10. Bg3 Ne4 11. Qxd5 e6 12. Qb3 Nxg3 13. hxg3 Nxe5 14. dxe5 Bg7 15. g4 Bg6 16. Qb5+ Kf8 17. Nd2 a6 18. Qb4+ Kg8 19. Nf3 Qc7 20. Qd6 Qa5 21. Be2 Rd8 22. Qe7 Rd5 23. Bc4 Rc5 24. Rd1 Bf8 25.
Rd8 Rxe5+ 26. Nxe5 Qxe5+ 27. Be2 Kg7 28. Qd7 b5 29.
Qd4 Qxd4 30. Rxd4 Bc5 31. Rd7 b4 32. Bd3 bxc3 33. bxc3 Rb8 34. Bxg6 Kxg6 35. O-O Rb2 36. a4 Rc2 37. Rd3 h5 38. gxh5+ Kxh5 39. g3 f5 40. Kg2 Kg6 41. Rd7 g4 42. Rc7 Rxc3 43. Rc6 Kf6 44.
Rxa6 Bd4 45. Rd6 Ke5 46. Rd8 Bb6 47. Rb8 Ba7 48. Rb5+ Kf6 49. Ra5 Bb6 50. Ra6 Bd4 51.
Re1 Be5 52. Ra5 Bd4 53. Ra6 Be5 54. Re2 Ra3 55. a5 Ra4 56. Ra8 Bd4 57. a6 e5 58.
Rc2 f4 59. gxf4 exf4 60. f3 Ra3 61. fxg4 f3+ 62. Kg3 f2+ 63. Kg2 Rg3+ 64. Kxg3 f1=Q 65. Rf8+ 1-0

[Event "Early-Titled-Tuesday-Blitz-January-23-2024"]
[Site "Chess.com"]
[Date "2024.01.23"]
[Round "10"]
[White "vladgoncharov"]
[Black "BardArtem"]
[Result "0-1"]
[WhiteElo "2642"]
[BlackElo "2824"]
[TimeControl "180+1"]
[EndTime "9:57:36 PST"]
[Termination "BardArtem won on time"]

1. d4 Nf6 2. c4 b6 3. Nc3 Bb7 4. d5 e6 5. e4 Bb4 6. Bd3 O-O 7. Ne2 Na6 8. O-O Nc5 9. Bg5 Bxc3 10. Nxc3 d6 11.
b4 Nxd3 12. Qxd3 Re8 13. Rae1 Qe7 14. f4 Qf8 15. Bxf6 gxf6 16. Rf3 Kh8 17. Qd4 Qh6 18. Ref1 Bc8 19. Qf2 Rg8 20. Nb5 Bd7 21. Nxc7 Rac8 22. dxe6 fxe6 23. Nb5 Bxb5 24. cxb5 Rc4 25. e5 dxe5 26.
fxe5 f5 27. Rf4 Rcc8 28. Rh4 Qg7 29. Qe2 Qe7 30. Rh3 Rg7 31. a3 Qd7 32. Kh1 Qd5 33. Rg1 Rcg8 34. Rd3 Qc4 35. Re3 Qh4 36. h3 f4 37. Rf3 Rg3 38. Kh2 Qh5 39. Qf2 Qxe5 40.
Rxf4 R3g7 41. g3 Qh5 42. Rg2 e5 43. Rf5 Qe8 44. g4 e4 45. Qf4 Re7 46. Re2 e3 47.
Kg3 Re6 48. Qf3 Qe7 49. Kg2 Re8 50. Rf7 Qg5 51. Rf8+ Rxf8 52. Qxf8+ Qg8 53. Qxg8+ Kxg8 54. Kf3 Re5 55. Rxe3 Rxb5 56. Re8+ Kf7 57. Ra8 a5 58. bxa5 Rb3+ 59. Kf4 Rxa3 60. a6 b5 0-1

[Event "Early-Titled-Tuesday-Blitz-January-23-2024"]
[Site "Chess.com"]
[Date "2024.01.23"]
[Round "10"]
[White "CSB7"]
[Black "ScofieldMichael01"]
[Result "1-0"]
[WhiteElo "2737"]
[BlackElo "2610"]
[TimeControl "180+1"]
[EndTime "9:57:36 PST"]
[Termination "CSB7 won by checkmate"]

1. e4 c5 2. Nc3 Nc6 3. Bb5 Nd4 4. Nf3 a6 5. Bd3 Nc6 6. O-O e5 7. a4 g6 8. Bc4 Bg7 9. d3 Nge7 10. Ng5 O-O 11.
f4 h6 12. Nxf7 Rxf7 13. f5 d5 14. Nxd5 Kh8 15. f6 Nxd5 16. fxg7+ Rxg7 17. Bxd5 Kh7 18. Qd2 Qh4 19. Qf2 Qh5 20. Bxc6 bxc6 21. Qxc5 Qe2 22.
Qf2 Qh5 23. Bd2 Be6 24. Bc3 Rf7 25. Qg3 Raf8 26. Rxf7+ Rxf7 27. Qxe5 Qxe5 28. Bxe5 Re7 29. Bc3 c5 30. b3 Rd7 31. Rf1 Bg4 32. h3 Be2 33.
Rf2 Bd1 34. Rd2 Bh5 35. g4 c4 36.
bxc4 Rb7 37. gxh5 Rb1+ 38. Kg2 gxh5 39. Re2 Rc1 40. e5 Kg8 41. e6 Kf8 42. d4 Rd1 43. d5 Ke7 44. Bb4+ Ke8 45. d6 Kf8 46. d7+ Kg7 47. e7 h4 48. e8=Q h5 49. Qe7+ Kg6 50. Qe6+ Kg7 51. Bc3+ Rd4 52. Bxd4+ Kf8 53. Qxa6 Kf7 54.
Qe6+ Kf8 55. Qe5 Kf7 56. c5 Kf8 57. Qe4 Kf7 58. c6 Kf8 59. c7 Kf7 60. c4 Kf8 61. Qe3 Kf7 62. c8=Q Kg6 63. a5 Kf7 64. a6 Kg6 65. a7 Kf7 66. c5 Kg6 67. c6 Kf7 68. c7 Kg6 69. Qb8 Kf7 70. a8=Q Kg6 71.
c8=Q Kf7 72. Bf6 Kg6 73. Rf2 Kf7 74. Bd4+ Kg6 75. Rf6+ Kh7 76. Rf7+ Kg6 77. Rg7+ Kf5 78. d8=Q# 1-0

[Event "Early-Titled-Tuesday-Blitz-January-23-2024"]
[Site "Chess.com"]
[Date "2024.01.23"]
[Round "10"]
[White "agvega14"]
[Black "ferdipy"]
[Result "0-1"]
[WhiteElo "2153"]
[BlackElo "2287"]
[TimeControl "180+1"]
[EndTime "9:57:38 PST"]
[Termination "ferdipy won by checkmate"]

1. e4 c5 2. Nf3 d6 3. c3 Nf6 4. h3 Nc6 5. Bd3 e5 6. Bc2 Be6 7.
O-O c4 8. a3 Be7 9. a4 O-O 10.
Na3 Rc8 11. d4 cxd3 12. Bxd3 d5 13. exd5 Nxd5 14. Qe2 f6 15. Rd1 Qe8 16. Nb5 a6 17. Nbd4 Bf7 18. Nxc6 Qxc6 19. Nh4 Rfd8 20. Be4 Qe6 21.
Bf5 Qc6 22. Bxc8 Rxc8 23. Nf5 Bf8 24. a5 Kh8 25. Qf3 Be6 26. Ne3 Nf4 27. Qxc6 bxc6 28. Nf1 Nd5 29. Kh2 Rb8 30. g3 Bc5 31. Kg2 h5 32. Ra4 Ne7 33. Rh4 g6 34. g4 Kh7 35.
gxh5 g5 36. Rg4 Kh6 37. Rg3 Nf5 38. Rgd3 Nh4+ 39. Kh2 Kxh5 40. Ng3+ Kg6 41. Ne4 Be7 42. b4 Bf5 43. Re3 Rh8 44. Nd6 Be6 45. Ne4 Bf5 46. Ng3 Be6 47. Nf1 Kf7 48. Bb2 Ng6 49. Kg1 Nf4 50. Ng3 Nxh3+ 51. Kg2 Nf4+ 52. Kg1 Bd5 53.
f3 Rh3 54. Nf1 Bxf3 55. Rxf3 Rxf3 56. Rd7 Ke6 57. Ra7 Nd3 58. Ba3 e4 59. Rxa6 Kd5 60. b5 Bxa3 61. bxc6 Bc5+ 62. Kg2 Bd6 63. Nd2 Nf4+ 64. Kg1 Rxc3 65. Nxe4 Kxe4 66. c7 Bxc7 67. Rxf6 Be5 68. Rf8 Bd4+ 69. Kf1 Kf3 70. Re8 Rc1+ 71.
Re1 Rc2 72. Rd1 Rf2+ 73. Ke1 Ng2# 0-1

[Event "Early-Titled-Tuesday-Blitz-January-23-2024"]
[Site "Chess.com"]
[Date "2024.01.23"]
[Round "10"]
[White "Djager97"]
[Black "LangesNasenhaar"]
[Result "1-0"]
[WhiteElo "2566"]
[BlackElo "2416"]
[TimeControl "180+1"]
[EndTime "9:57:40 PST"]
[Termination "Djager97 won by checkmate"]

1. e4 g6 2. d4 Bg7 3. Nc3 c6 4. f4 d5 5. e5 Nh6 6. Nf3 f6 7. Be3 O-O 8. Bd3 Bg4 9. O-O fxe5 10. dxe5 e6 11. h3 Bxf3 12. Rxf3 Nf5 13. Bc5 Rf7 14. Ne2 Nd7 15. Bf2 c5 16. c4 d4 17. Be4 Qc7 18. Nc1 Raf8 19. Nd3 b6 20. g4 Ne3 21.
Bxe3 dxe3 22. Rxe3 Bh6 23. g5 Bg7 24. Qg4 Re7 25.
h4 Nb8 26. h5 Kf7 27. Nf2 Nc6 28. Bxc6 Qxc6 29. Ne4 Rd7 30. Rae1 Rd4 31. Nd6+ Ke7 32. Re4 Rd2 33. Rd1 Rxd1+ 34. Qxd1 Rd8 35. h6 Qxe4 36.
hxg7 Qxf4 37. Nf5+ Qxf5 38. Qxd8+ Kxd8 39. g8=Q+ Kc7 40. Qxh7+ Kc6 41. Qe7 Qxe5 42. Qe8+ Kb7 43. Qxg6 Qe3+ 44. Kg2 Qe2+ 45. Kg3 Qe3+ 46. Kh4 Qd4+ 47. Kh5 Qxc4 48. Qf7+ Ka6 49. g6 Qd5+ 50. Kh6 Qd2+ 51. Kh7 Qh2+ 52. Kg8 e5 53. g7 Qg3 54. Kf8 e4 55. g8=Q Qb8+ 56.
Kg7 Qg3+ 57. Kf8 Qb8+ 58. Qe8 Qf4+ 59. Ke7 Qe5+ 60. Kd7 Qd4+ 61. Kc7 e3 62. Qc8+ Ka5 63. Qb3 Qe5+ 64. Kb7 Qd5+ 65. Qxd5 e2 66. Qd2+ Kb5 67. Qxe2+ Kb4 68. Qc6 Ka5 69. Qcb5# 1-0

[Event "Early-Titled-Tuesday-Blitz-January-23-2024"]
[Site "Chess.com"]
[Date "2024.01.23"]
[Round "10"]
[White "koncheto"]
[Black "Piotrek1979"]
[Result "1-0"]
[WhiteElo "2557"]
[BlackElo "2404"]
[TimeControl "180+1"]
[EndTime "9:57:40 PST"]
[Termination "koncheto won by checkmate"]

1. e4 c5 2. Nf3 Nc6 3. d4 cxd4 4.
Nxd4 g6 5. c4 Nf6 6. Nc3 d6 7. Be2 Nxd4 8. Qxd4 Bg7 9. Be3 O-O 10.
Qd2 Be6 11. O-O a5 12. Rac1 a4 13. Rc2 Qa5 14. Rb1 Rfc8 15. b4 axb3 16. axb3 Qb4 17. f3 Nd7 18. Nd5 Qxd2 19. Rxd2 Bxd5 20. exd5 Ra3 21. Rc2 Nc5 22. Bxc5 Rxc5 23. Bd3 Rc8 24. Kf2 b5 25. Ke2 b4 26. Rd2 Bc3 27. Rc2 Bd4 28. Rd2 Bc5 29. Rc2 h5 30. Rd2 Kg7 31.
Rc2 Rc7 32. f4 Rca7 33. Kf3 f5 34. h3 Ra2 35. Rbb2 Rxb2 36. Rxb2 Ra1 37. g4 hxg4+ 38.
hxg4 fxg4+ 39. Kxg4 Kf6 40. Re2 Rg1+ 41. Kh3 g5 42.
Re6+ Kf7 43. fxg5 Rxg5 44. Re2 Rg1 45. Bc2 Bd4 46. Rg2 Re1 47. Kg4 Be5 48. Kf3 Ke8 49. Bf5 Kd8 50. Re2 Rf1+ 51. Rf2 Rc1 52. Bc2 Kc7 53. Ke4 Bf6 54. Kd3 Rg1 55. Re2 Kb6 56.
Re3 Kc5 57. Rh3 Bc3 58. Rf3 Rg2 59. Bb1 Rd2+ 60. Ke3 Rb2 61. Rf1 Rxb3 62. Bd3 Ra3 63. Rf7 Bf6 64. Rf8 b3 65. Rb8 b2 66. Kd2 Ra1 67. Kc2 Rc1+ 68. Kd2 Rg1 69. Ke3 Rg3+ 70. Kd2 Rh3 71. Ke2 Rh2+ 72. Ke3 Rh1 73. Rb5# 1-0

[Event "Early-Titled-Tuesday-Blitz-January-23-2024"]
[Site "Chess.com"]
[Date "2024.01.23"]
[Round "10"]
[White "Iunusovnuriddin"]
[Black "crazy_m_attack"]
[Result "1-0"]
[WhiteElo "2311"]
[BlackElo "2446"]
[TimeControl "180+1"]
[EndTime "9:57:40 PST"]
[Termination "Iunusovnuriddin won on time"]

1. e4 e5 2. Nf3 Nc6 3. Nc3 Nf6 4. g3 d5 5. exd5 Nxd5 6. Bg2 Nxc3 7. bxc3 Bc5 8. O-O O-O 9. Re1 Bg4 10. h3 Bh5 11. g4 Bg6 12. Nxe5 Nxe5 13. Rxe5 Bd6 14. Re1 f5 15. d3 fxg4 16. Qxg4 Qf6 17. Be3 Qe5 18.
Bd4 Qh2+ 19. Kf1 c5 20. Qe6+ Bf7 21. Be5 Bxe6 22. Bxh2 Bxh2 23. Rxe6 Bg3 24. Re2 Rab8 25. Kg1 Bf4 26. Bd5+ Kh8 27. Re7 b6 28. c4 a6 29.
Rae1 Bg5 30. a4 Bxe7 31. Rxe7 h6 32. Ra7 a5 33. Bc6 Rf6 34. Bd5 Re8 35. Kg2 h5 36.
Bf3 Rg6+ 37. Kf1 Rg5 38. h4 Rf5 39. Kg2 Ref8 40. Be4 Rxf2+ 41. Kg3 Rxc2 42. Rb7 Rb2 43. Rd7 Ra2 44. Rd5 g6 45. Bxg6 Rxa4 46. Rxh5+ Kg7 47. Be4 Rb4 48. Rh7+ Kf6 49. h5 a4 50. Ra7 Rg8+ 51.
Kf4 Rb1 52. h6 Rf1+ 53. Ke3 Rh1 54. h7 Rg3+ 55. Kf2 Rgh3 56. Rxa4 R1h2+ 57. Kg1 Rd2 58. Ra6 Ke5 59. Rxb6 1-0

[Event "Early-Titled-Tuesday-Blitz-January-23-2024"]
[Site "Chess.com"]
[Date "2024.01.23"]
[Round "10"]
[White "samirliberec"]
[Black "GlennTipton"]
[Result "1/2-1/2"]
[WhiteElo "2369"]
[BlackElo "2499"]
[TimeControl "180+1"]
[EndTime "9:57:45 PST"]
[Termination "Game drawn by repetition"]

1. e4 c5 2. Nf3 d6 3. Bb5+ Bd7 4. a4 Nf6 5. Nc3 Nc6 6. O-O e6 7. Re1 Be7 8. h3 O-O 9. d4 cxd4 10. Nxd4 Rc8 11. Be3 Ne5 12. Bf1 Nc4 13. Bxc4 Rxc4 14. Ndb5 Nxe4 15. Nxe4 Rxe4 16. Nxd6 Rb4 17. b3 Bc6 18.
Bc5 Rh4 19. c4 Rh6 20. Re3 Rg6 21. Rg3 Rxg3 22. fxg3 b6 23. Ba3 Qa8 24. Qe2 Rd8 25. Rd1 Qb8 26. Nb5 Bxb5 27. Bxe7 Rxd1+ 28. Qxd1 Bc6 29. Qd8+ Qxd8 30. Bxd8 Kf8 31. Bc7 Ke8 32. Bb8 a6 33.
Ba7 b5 34. cxb5 axb5 35. a5 Bb7 36. Bc5 Kd7 37. Kf2 Kc6 38. b4 Kd5 39. Ke3 Kc4 40. Kf2 f5 41. g4 fxg4 42. hxg4 e5 43. g3 Kd3 44. Be3 Kc3 45. Bc5 e4 46. Ke3 Kc4 47.
g5 g6 48. Bd6 Kd5 49. Bc5 Ke5 50. Bd4+ Kf5 51. Bf6 Kg4 52. Kf2 Kf5 53. Be7 Ke6 54. Bd8 Kf5 55. Ke3 Kg4 56. Kf2 Kf5 57. Ke3 Ke5 58. Bf6+ Ke6 59. Bd4 Kd5 60. Bc5 Ke6 61. Bd4 Kf5 62. Bf6 h6 63. Bd8 hxg5 64. Be7 g4 65.
Bd8 Ke5 66. Bb6 Kd5 67. Bd4 Kc4 68. Bc5 g5 69. a6 Bxa6 70. Kxe4 Bc8 71. Ke5 Kd3 72.
Kf6 Ke4 73. Kxg5 Kf3 74. Kh4 Be6 75. Bd6 Bc4 76. Bc5 Be6 77. Bd6 Bc4 78. Bc5 Bf1 79. Bd6 Bc4 1/2-1/2

[Event "Early-Titled-Tuesday-Blitz-January-23-2024"]
[Site "Chess.com"]
[Date "2024.01.23"]
[Round "10"]
[White "Iball95"]
[Black "tigurones"]
[Result "0-1"]
[WhiteElo "2765"]
[BlackElo "2492"]
[TimeControl "180+1"]
[EndTime "9:57:47 PST"]
[Termination "tigurones won by checkmate"]

1. e4 c5 2. Nf3 Nc6 3. Nc3 g6 4. d4 cxd4 5. Nxd4 Bg7 6. Nxc6 dxc6 7. Qxd8+ Kxd8 8. a4 Bxc3+ 9. bxc3 Nf6 10. f3 b6 11.
Bf4 Ke8 12. O-O-O Be6 13. Ba6 Rd8 14. Bc7 Rd7 15. Be5 Rg8 16. Rd4 Rxd4 17. cxd4 Nd7 18. Bc7 f5 19. Kd2 fxe4 20. fxe4 Nf6 21. Re1 Kd7 22.
Bg3 Rf8 23. Bd3 Nh5 24. Be5 Ke8 25. Rf1 Rxf1 26. Bxf1 Kd7 27. h3 Nf6 28. Ke3 Ne8 29. c4 Nd6 30. d5 cxd5 31. cxd5 Bf7 32. Kd4 e6 33. g4 exd5 34. exd5 Be8 35. Bd3 Ke7 36.
Bc2 Nb7 37. Bb8 a6 38. Ke5 Nc5 39. d6+ Kf8 40. Bc7 Nxa4 41. Kf6 Nc5 42. Bd8 Bf7 43. Ke5 Nd7+ 44. Kd4 Ke8 45. Bc7 b5 46. Ba5 Bc4 47. Be4 Bf1 48. h4 Bh3 49. g5 Be6 50. Bb7 Bc4 51.
Bxa6 Nb8 52. Bc8 Nc6+ 53. Kc5 Nxa5 54. Kb6 Nb3 55. Kc7 Nc5 56. d7+ Nxd7 57. Bxd7+ Ke7 58. Bg4 b4 59. Kc6 b3 60. Bd1 b2 61. Bc2 Ba2 62. Kc5 b1=Q 63. Bxg6 Qxg6 64. h5 Qd6+ 65. Kb5 Bd5 66. g6 hxg6 67. h6 Kf7 68. h7 Kg7 69.
h8=Q+ Kxh8 70. Ka5 Qc5+ 71. Ka6 Qb4 72. Ka7 Qb7# 0-1

[Event "Early-Titled-Tuesday-Blitz-January-23-2024"]
[Site "Chess.com"]
[Date "2024.01.23"]
[Round "10"]
[White "MaxLeto"]
[Black "Zheenbekov86"]
[Result "1-0"]
[WhiteElo "2314"]
[BlackElo "2463"]
[TimeControl "180+1"]
[EndTime "9:57:48 PST"]
[Termination "MaxLeto won on time"]

1. e4 c6 2. d4 d5 3. exd5 cxd5 4.
Bd3 Nc6 5. c3 Nf6 6. h3 g6 7.
Nf3 Bf5 8. O-O e6 9. Re1 Bd6 10. Bf1 h5 11. Bg5 Kf8 12. Nbd2 Kg7 13. Ne5 Qc7 14.
Ndf3 Nd7 15. Nxd7 Qxd7 16. Qd2 Qc7 17. Nh4 f6 18. Nxf5+ exf5 19. Bh4 Bh2+ 20. Kh1 Bf4 21. Qd3 Rhe8 22. Be2 a6 23. Bf3 Qd6 24. Re2 Re4 25. Bxe4 fxe4 26. Qc2 f5 27. Rf1 b5 28. f3 e3 29. Qd3 Bh6 30. Rxe3 Bxe3 31. Qxe3 f4 32. Qd3 Ra7 33. Re1 Rf7 34. Bg5 Na5 35.
Re8 Nc4 36. Qe2 Ne3 37. Bxf4 Qxf4 38. Qxe3 Qf5 39. Qe5+ Qxe5 40. Rxe5 Rd7 41. f4 Kf6 42. g4 hxg4 43. hxg4 Rh7+ 44. Kg2 Rh4 45. g5+ Kf7 46.
Kg3 Rh1 47. Rxd5 Rb1 48. Rd6 Rxb2 49. Rf6+ Kg7 50. Rxa6 Rc2 51. Ra7+ Kf8 52. Rc7 Rxa2 53. Kf3 Ra3 54. Ke4 Ra2 55. Ke5 Rc2 56. Kf6 Ke8 57. Rc5 b4 58. cxb4 Rb2 59. b5 Rd2 60. d5 Kd7 61. Kxg6 Kd6 62. Rc6+ Kxd5 63. f5 Rb2 64. f6 Rxb5 65. Rc8 Rb1 66. Re8 Kd6 67. Kg7 Rf1 68. f7 Kd7 69. g6 1-0

[Event "Early-Titled-Tuesday-Blitz-January-23-2024"]
[Site "Chess.com"]
[Date "2024.01.23"]
[Round "10"]
[White "jcibarra"]
[Black "Sargsyan_Shant"]
[Result "0-1"]
[WhiteElo "2838"]
[BlackElo "2915"]
[TimeControl "180+1"]
[EndTime "9:57:49 PST"]
[Termination "Sargsyan_Shant won on time"]

1. e4 g6 2. d4 Nf6 3. Nc3 d5 4. e5 Ne4 5. Nxe4 dxe4 6. Bc4 Bg7 7. Ne2 c5 8. c3 O-O 9. O-O cxd4 10. cxd4 Nc6 11. Be3 Na5 12. Bb5 a6 13. Ba4 Nc4 14. Bc2 Nxb2 15. Qb1 Nc4 16. Bxe4 Rb8 17. Bf4 b5 18.
Rd1 Bb7 19. Bxb7 Rxb7 20. Qe4 Rd7 21. d5 Qb6 22. Rab1 Rc8 23. h4 f5 24. exf6 Qxf6 25. Bg5 Qe5 26. Qg4 Qf5 27. Qxf5 gxf5 28. Ng3 Rf8 29. Re1 Be5 30. a4 Rxd5 31. axb5 axb5 32. Bxe7 Rf7 33. Bb4 f4 34. Ne4 h6 35. Rbd1 Rfd7 36.
Rxd5 Rxd5 37. Nc3 Bxc3 38. Bxc3 Kf7 39. Re4 Rf5 40. Kf1 h5 41. Ke2 f3+ 42. gxf3 Nd6 43.
Rd4 Ke6 44. Bb4 Rd5 45. Rf4 Nf5 46. Re4+ Kf7 47. Bc3 Rc5 48. Kd3 Rd5+ 49. Ke2 Rd6 50. Bd2 Re6 51. Bg5 Nd6 52. Re3 Nc4 53. Re4 b4 54. Kd3 Ne5+ 55. Kc2 Kg6 56. f4 Rc6+ 57. Kb3 Nd3 58. Rd4 Nxf2 59. Rxb4 Kf5 60. Rb8 Ne4 61.
Rf8+ Kg4 62. f5 Nxg5 63. hxg5 Kxg5 64. Kb4 h4 65. Kb5 Rf6 66. Rh8 Rh6 67. Rg8+ Kxf5 68.
Kc4 h3 69. Rg1 h2 70. Rh1 Ke4 0-1

[Event "Early-Titled-Tuesday-Blitz-January-23-2024"]
[Site "Chess.com"]
[Date "2024.01.23"]
[Round "10"]
[White "ural58"]
[Black "1mbl4"]
[Result "1/2-1/2"]
[WhiteElo "2462"]
[BlackElo "2573"]
[TimeControl "180+1"]
[EndTime "9:57:53 PST"]
[Termination "Game drawn by stalemate"]

1. e4 g6 2. d4 Bg7 3. Nc3 d6 4. h4 h5 5. Nf3 Nf6 6. Bg5 c6 7. Qd2 b5 8. Bd3 a5 9. a4 b4 10.
Ne2 d5 11. Ng3 dxe4 12. Nxe4 Nbd7 13. c3 Qb6 14. O-O O-O 15. Rfe1 Ba6 16. Nxf6+ exf6 17. Be3 Bxd3 18. Qxd3 Qb7 19. Nd2 Rfd8 20. Ne4 Ne5 21.
Qe2 Ng4 22. Nc5 Qc7 23. g3 Re8 24. Qf3 bxc3 25. bxc3 Nxe3 26. Rxe3 Rxe3 27. Qxe3 f5 28. Rb1 Rb8 29. Rxb8+ Qxb8 30. Qd3 Bf8 31. Nd7 Qb3 32.
Nxf8 Kxf8 33. Kg2 Qxa4 34. c4 Qb4 35. d5 cxd5 36. Qxd5 a4 37. Qd8+ Kg7 38. Qd4+ Kh7 39. Qd5 Qe7 40. c5 a3 41. c6 Qe4+ 42. Qxe4 fxe4 43.
c7 a2 44. c8=Q a1=Q 45. Qe8 Qf6 46. Qxe4 Kg7 47. Qf3 Qe5 48. Qd3 Kf6 49. Qf3+ Ke6 50. Qd3 Qd5+ 51. Qxd5+ Kxd5 52. Kf3 f6 53. Kf4 Ke6 54.
Ke4 Kd6 55. Kd4 Ke6 56. Ke4 Kd6 57. f3 Ke6 58. Kd4 Kf5 59. Ke3 Ke5 60. Kd3 Kd5 61.
Ke3 Ke5 62. Kd3 g5 63. hxg5 fxg5 64. Ke3 Kf5 65. Kf2 Kf6 66. Ke3 Ke5 67. Kd3 Kd5 68.
Ke3 Ke5 69. f4+ gxf4+ 70. gxf4+ Kf5 71. Kf3 h4 72. Kg2 Kxf4 73. Kh1 Kg3 74. Kg1 h3 75. Kh1 h2 1/2-1/2

[Event "Early-Titled-Tuesday-Blitz-January-23-2024"]
[Site "Chess.com"]
[Date "2024.01.23"]
[Round "10"]
[White "lularobs"]
[Black "fks_stal_mielec"]
[Result "0-1"]
[WhiteElo "1572"]
[BlackElo "2207"]
[TimeControl "180+1"]
[EndTime "9:57:55 PST"]
[Termination "fks_stal_mielec won by checkmate"]

1. e4 c5 2. d4 cxd4 3. c3 dxc3 4. Nxc3 g6 5. Nf3 Bg7 6. Bc4 Nc6 7. O-O e6 8. Qe2 Nge7 9. Rd1 O-O 10. Bg5 Qa5 11.
Rac1 f6 12. Bd2 Qb6 13. Be3 Qd8 14. Nb5 a6 15. Nd6 Kh8 16. Bxe6 Qa5 17. Bb3 f5 18. exf5 Nxf5 19. Bd2 Qd8 20. Nf7+ Rxf7 21. Bxf7 Ncd4 22. Nxd4 Nxd4 23. Qe8+ Qxe8 24. Bxe8 Ne2+ 25. Kf1 Nxc1 26. Rxc1 d5 27. Re1 Bf5 28. Ba4 Bd3+ 29. Kg1 Bxb2 30. Bb3 Bc4 31. Bf4 Bxb3 32. axb3 Rc8 33. h3 d4 34. Rd1 Kg8 35. Be5 Rd8 36. Kf1 b5 37.
Ke1 Bc3+ 38. Kf1 a5 39. Bc7 Rd7 40. Bb6 a4 41. bxa4 bxa4 42. Bc5 Rc7 43. Bxd4 Bxd4 44. Rxd4 Rc1+ 45. Ke2 a3 46. Rd2 Rb1 47. Kf3 Rb2 48. Rd1 a2 49. Ra1 Kg7 50. Ke3 Kh6 51. f3 Rxg2 52.
Kf4 Rh2 53. Kg3 Rb2 54. h4 Kh5 55. f4 Rb3+ 56. Kf2 Rb2+ 57. Kg3 Rb3+ 58. Kf2 Kxh4 59.
Rxa2 Kg4 60. Ra4 Rb2+ 61. Ke3 Rb3+ 62. Ke4 h5 63. Ra7 Rf3 64. Rf7 h4 65. Ke5 h3 66.
Rg7 Kh5 67. Rh7+ Kg4 68. Kf6 Rxf4+ 69. Kxg6 Kg3 70. Kg5 Rg4+ 71. Kf5 Rf4+ 72. Kg5 Ra4 73. Rg7 Rg4+ 74. Kh6 Rxg7 75. Kxg7 h2 76. Kg6 h1=Q 77. Kg5 Qe4 78. Kf6 Kf4 79. Kf7 Qe5 80. Kf8 Qe6 81. Kg7 Qf5 82. Kg8 Qd7 83. Kh8 Kg5 84. Kg8 Kg6 85. Kh8 Qd8# 0-1

[Event "Early-Titled-Tuesday-Blitz-January-23-2024"]
[Site "Chess.com"]
[Date "2024.01.23"]
[Round "10"]
[White "wonderfultime"]
[Black "Sam_ChessMood"]
[Result "1-0"]
[WhiteElo "3045"]
[BlackElo "2927"]
[TimeControl "180+1"]
[EndTime "9:58:02 PST"]
[Termination "wonderfultime won by resignation"]

1. d4 Nf6 2. Nf3 d5 3. Bf4 c5 4.
c3 Qb6 5. Qc2 cxd4 6. cxd4 Nc6 7. e3 Bf5 8. Qb3 Qxb3 9. axb3 Nb4 10. Bb5+ Bd7 11. Bxd7+ Nxd7 12. Ke2 a6 13. Rc1 Nc6 14. Nc3 e6 15. Nb5 Rc8 16. Nd6+ Bxd6 17. Bxd6 f6 18.
Rc3 Kf7 19. Rac1 g5 20. Ne1 e5 21. dxe5 fxe5 22. Nf3 Ke6 23. Ba3 h6 24. Nd2 Nf6 25. f3 Rhd8 26. Bc5 Nd7 27. b4 Ncb8 28. e4 d4 29. Bxd4 Rxc3 30. Bxc3 Nc6 31. Nb3 Rg8 32.
h3 h5 33. Rd1 g4 34. hxg4 hxg4 35. Ke3 gxf3 36. gxf3 Rh8 37. Rg1 Rh2 38. Rg6+ Kf7 39. Rd6 Ke7 40. Rd2 Rh3 41. Nc5 Nxc5 42. bxc5 Rh6 43. Rd5 Re6 44. Rd2 Ke8 45. Rh2 Re7 46.
Rh6 Kd7 47. Rd6+ Kc7 48. f4 exf4+ 49. Kxf4 b5 50. Bf6 Re8 51. e5 b4 52. Kf5 a5 53. e6 a4 54. Kg6 a3 55. bxa3 bxa3 56. Kf7 Ra8 57. Rd7+ Kc8 58. Rd1 Ra5 59. e7 Nxe7 60.
Bxe7 a2 61. Ra1 Kc7 62. Ke6 Kc6 63. Bd6 Ra3 64. Ke5 Ra4 65. Kf5 Kd5 66. Be7 Kc6 67. Ke5 Ra7 68. Bg5 Ra4 69. Be3 Kb5 70. Kd5 Ra8 71. Bf4 Ra3 72. c6 Rd3+ 73. Ke4 Rc3 74. c7 Rc2 75. Rxa2 1-0

[Event "Early-Titled-Tuesday-Blitz-January-23-2024"]
[Site "Chess.com"]
[Date "2024.01.23"]
[Round "10"]
[White "sokidze"]
[Black "frederiksvane"]
[Result "1/2-1/2"]
[WhiteElo "2852"]
[BlackElo "2951"]
[TimeControl "180+1"]
[EndTime "9:58:02 PST"]
[Termination "Game drawn by repetition"]

1. d4 Nf6 2. c4 g6 3. Nf3 Bg7 4. g3 d6 5. Bg2 O-O 6. Nc3 c6 7. O-O Bf5 8. Be3 Ne4 9. Rc1 Na6 10.
Nh4 Nxc3 11. Rxc3 Bd7 12. b3 Qa5 13. Qd2 Rfe8 14. Rd1 Rad8 15. Rcc1 Qxd2 16. Rxd2 Bc8 17. Rcd1 f5 18. Nf3 Bf6 19. h4 Kg7 20. Bf4 Nc7 21. Rd3 Be6 22. Ng5 Bg8 23. e4 h6 24. e5 hxg5 25. exf6+ exf6 26. hxg5 Ne6 27. gxf6+ Kxf6 28. Bc1 Nc7 29. d5 cxd5 30. Bb2+ Ke7 31.
cxd5 Kd7 32. Bf3 Rc8 33. Kg2 Na6 34. R3d2 Nc5 35. Bd4 a5 36. Be3 b5 37. Bf4 b4 38.
Rh1 Ne4 39. Bxe4 Rxe4 40. Rh8 Ree8 41. Kg1 Rc1+ 42. Kh2 Ra1 43. Rh6 Bf7 44. Rh7 Ke7 45. Re2+ Kf6 46. Rxe8 Bxe8 47. Bxd6 Rxa2 48. Kg1 Rd2 49.
f4 Rxd5 50. Be5+ Ke6 51. Ra7 Bf7 52. Ra6+ Kd7 53. Ra7+ Ke8 54. Ra8+ Ke7 55. Ra7+ Kf8 56. Ra8+ Be8 57. Bc7 Rd3 58. Bxa5 Rxg3+ 59. Kh2 Rxb3 60.
Rb8 Kf7 61. Bxb4 Bd7 62. Bd6 Rd3 63. Be5 Ke6 64. Rb6+ Kf7 65. Rd6 Rxd6 66. Bxd6 Ke6 67. Ba3 Kd5 68. Kg3 Ke4 69. Bb4 Be6 70. Ba3 Bf7 71. Bb4 Be6 72. Ba3 Bf7 73. Bb4 Be6 1/2-1/2